Workbook

Sheet Machines
A1: Machine | B1: Hashrate (TH/s) | C1: Power (W) | D1: Power price (USD/kWh) | E1: Machine price (USD) | F1: BTC per day | G1: Revenue / day | H1: Power / day | I1: Profit / day | J1: Profit / month | K1: Payback, days | L1: Break-even power price | M1: J/TH
A2: ASIC 200 TH/s | B2: 200 | C2: 3500 | D2: 0.06 | E2: 3500 | F2: =IF(B2="","",B2*1E12/('Network'!$B$3*1E18)*'Network'!$B$8*('Network'!$B$4+'Network'!$B$5)*(1-'Network'!$B$6/100)*'Network'!$B$7/100) | G2: =IF(F2="","",F2*'Network'!$B$2) | H2: =IF(C2="","",C2*24*'Network'!$B$7/100/1000*D2) | I2: =IF(G2="","",G2-H2) | J2: =IF(I2="","",I2*365/12) | K2: =IF(OR(I2="",E2=""),"",IF(I2<=0,"—",E2/I2)) | L2: =IF(OR(G2="",C2=""),"",G2/(C2*24*'Network'!$B$7/100/1000)) | M2: =IF(OR(B2="",C2=""),"",C2/B2)
A3: ASIC 234 TH/s | B3: 234 | C3: 3510 | D3: 0.06 | E3: 4500 | F3: =IF(B3="","",B3*1E12/('Network'!$B$3*1E18)*'Network'!$B$8*('Network'!$B$4+'Network'!$B$5)*(1-'Network'!$B$6/100)*'Network'!$B$7/100) | G3: =IF(F3="","",F3*'Network'!$B$2) | H3: =IF(C3="","",C3*24*'Network'!$B$7/100/1000*D3) | I3: =IF(G3="","",G3-H3) | J3: =IF(I3="","",I3*365/12) | K3: =IF(OR(I3="",E3=""),"",IF(I3<=0,"—",E3/I3)) | L3: =IF(OR(G3="",C3=""),"",G3/(C3*24*'Network'!$B$7/100/1000)) | M3: =IF(OR(B3="",C3=""),"",C3/B3)
A4: ASIC 110 TH/s | B4: 110 | C4: 3250 | D4: 0.06 | E4: 900 | F4: =IF(B4="","",B4*1E12/('Network'!$B$3*1E18)*'Network'!$B$8*('Network'!$B$4+'Network'!$B$5)*(1-'Network'!$B$6/100)*'Network'!$B$7/100) | G4: =IF(F4="","",F4*'Network'!$B$2) | H4: =IF(C4="","",C4*24*'Network'!$B$7/100/1000*D4) | I4: =IF(G4="","",G4-H4) | J4: =IF(I4="","",I4*365/12) | K4: =IF(OR(I4="",E4=""),"",IF(I4<=0,"—",E4/I4)) | L4: =IF(OR(G4="",C4=""),"",G4/(C4*24*'Network'!$B$7/100/1000)) | M4: =IF(OR(B4="",C4=""),"",C4/B4)
F5: =IF(B5="","",B5*1E12/('Network'!$B$3*1E18)*'Network'!$B$8*('Network'!$B$4+'Network'!$B$5)*(1-'Network'!$B$6/100)*'Network'!$B$7/100) | G5: =IF(F5="","",F5*'Network'!$B$2) | H5: =IF(C5="","",C5*24*'Network'!$B$7/100/1000*D5) | I5: =IF(G5="","",G5-H5) | J5: =IF(I5="","",I5*365/12) | K5: =IF(OR(I5="",E5=""),"",IF(I5<=0,"—",E5/I5)) | L5: =IF(OR(G5="",C5=""),"",G5/(C5*24*'Network'!$B$7/100/1000)) | M5: =IF(OR(B5="",C5=""),"",C5/B5)
F6: =IF(B6="","",B6*1E12/('Network'!$B$3*1E18)*'Network'!$B$8*('Network'!$B$4+'Network'!$B$5)*(1-'Network'!$B$6/100)*'Network'!$B$7/100) | G6: =IF(F6="","",F6*'Network'!$B$2) | H6: =IF(C6="","",C6*24*'Network'!$B$7/100/1000*D6) | I6: =IF(G6="","",G6-H6) | J6: =IF(I6="","",I6*365/12) | K6: =IF(OR(I6="",E6=""),"",IF(I6<=0,"—",E6/I6)) | L6: =IF(OR(G6="",C6=""),"",G6/(C6*24*'Network'!$B$7/100/1000)) | M6: =IF(OR(B6="",C6=""),"",C6/B6)
F7: =IF(B7="","",B7*1E12/('Network'!$B$3*1E18)*'Network'!$B$8*('Network'!$B$4+'Network'!$B$5)*(1-'Network'!$B$6/100)*'Network'!$B$7/100) | G7: =IF(F7="","",F7*'Network'!$B$2) | H7: =IF(C7="","",C7*24*'Network'!$B$7/100/1000*D7) | I7: =IF(G7="","",G7-H7) | J7: =IF(I7="","",I7*365/12) | K7: =IF(OR(I7="",E7=""),"",IF(I7<=0,"—",E7/I7)) | L7: =IF(OR(G7="",C7=""),"",G7/(C7*24*'Network'!$B$7/100/1000)) | M7: =IF(OR(B7="",C7=""),"",C7/B7)
F8: =IF(B8="","",B8*1E12/('Network'!$B$3*1E18)*'Network'!$B$8*('Network'!$B$4+'Network'!$B$5)*(1-'Network'!$B$6/100)*'Network'!$B$7/100) | G8: =IF(F8="","",F8*'Network'!$B$2) | H8: =IF(C8="","",C8*24*'Network'!$B$7/100/1000*D8) | I8: =IF(G8="","",G8-H8) | J8: =IF(I8="","",I8*365/12) | K8: =IF(OR(I8="",E8=""),"",IF(I8<=0,"—",E8/I8)) | L8: =IF(OR(G8="",C8=""),"",G8/(C8*24*'Network'!$B$7/100/1000)) | M8: =IF(OR(B8="",C8=""),"",C8/B8)
F9: =IF(B9="","",B9*1E12/('Network'!$B$3*1E18)*'Network'!$B$8*('Network'!$B$4+'Network'!$B$5)*(1-'Network'!$B$6/100)*'Network'!$B$7/100) | G9: =IF(F9="","",F9*'Network'!$B$2) | H9: =IF(C9="","",C9*24*'Network'!$B$7/100/1000*D9) | I9: =IF(G9="","",G9-H9) | J9: =IF(I9="","",I9*365/12) | K9: =IF(OR(I9="",E9=""),"",IF(I9<=0,"—",E9/I9)) | L9: =IF(OR(G9="",C9=""),"",G9/(C9*24*'Network'!$B$7/100/1000)) | M9: =IF(OR(B9="",C9=""),"",C9/B9)
F10: =IF(B10="","",B10*1E12/('Network'!$B$3*1E18)*'Network'!$B$8*('Network'!$B$4+'Network'!$B$5)*(1-'Network'!$B$6/100)*'Network'!$B$7/100) | G10: =IF(F10="","",F10*'Network'!$B$2) | H10: =IF(C10="","",C10*24*'Network'!$B$7/100/1000*D10) | I10: =IF(G10="","",G10-H10) | J10: =IF(I10="","",I10*365/12) | K10: =IF(OR(I10="",E10=""),"",IF(I10<=0,"—",E10/I10)) | L10: =IF(OR(G10="",C10=""),"",G10/(C10*24*'Network'!$B$7/100/1000)) | M10: =IF(OR(B10="",C10=""),"",C10/B10)
F11: =IF(B11="","",B11*1E12/('Network'!$B$3*1E18)*'Network'!$B$8*('Network'!$B$4+'Network'!$B$5)*(1-'Network'!$B$6/100)*'Network'!$B$7/100) | G11: =IF(F11="","",F11*'Network'!$B$2) | H11: =IF(C11="","",C11*24*'Network'!$B$7/100/1000*D11) | I11: =IF(G11="","",G11-H11) | J11: =IF(I11="","",I11*365/12) | K11: =IF(OR(I11="",E11=""),"",IF(I11<=0,"—",E11/I11)) | L11: =IF(OR(G11="",C11=""),"",G11/(C11*24*'Network'!$B$7/100/1000)) | M11: =IF(OR(B11="",C11=""),"",C11/B11)
F12: =IF(B12="","",B12*1E12/('Network'!$B$3*1E18)*'Network'!$B$8*('Network'!$B$4+'Network'!$B$5)*(1-'Network'!$B$6/100)*'Network'!$B$7/100) | G12: =IF(F12="","",F12*'Network'!$B$2) | H12: =IF(C12="","",C12*24*'Network'!$B$7/100/1000*D12) | I12: =IF(G12="","",G12-H12) | J12: =IF(I12="","",I12*365/12) | K12: =IF(OR(I12="",E12=""),"",IF(I12<=0,"—",E12/I12)) | L12: =IF(OR(G12="",C12=""),"",G12/(C12*24*'Network'!$B$7/100/1000)) | M12: =IF(OR(B12="",C12=""),"",C12/B12)
F13: =IF(B13="","",B13*1E12/('Network'!$B$3*1E18)*'Network'!$B$8*('Network'!$B$4+'Network'!$B$5)*(1-'Network'!$B$6/100)*'Network'!$B$7/100) | G13: =IF(F13="","",F13*'Network'!$B$2) | H13: =IF(C13="","",C13*24*'Network'!$B$7/100/1000*D13) | I13: =IF(G13="","",G13-H13) | J13: =IF(I13="","",I13*365/12) | K13: =IF(OR(I13="",E13=""),"",IF(I13<=0,"—",E13/I13)) | L13: =IF(OR(G13="",C13=""),"",G13/(C13*24*'Network'!$B$7/100/1000)) | M13: =IF(OR(B13="",C13=""),"",C13/B13)
F14: =IF(B14="","",B14*1E12/('Network'!$B$3*1E18)*'Network'!$B$8*('Network'!$B$4+'Network'!$B$5)*(1-'Network'!$B$6/100)*'Network'!$B$7/100) | G14: =IF(F14="","",F14*'Network'!$B$2) | H14: =IF(C14="","",C14*24*'Network'!$B$7/100/1000*D14) | I14: =IF(G14="","",G14-H14) | J14: =IF(I14="","",I14*365/12) | K14: =IF(OR(I14="",E14=""),"",IF(I14<=0,"—",E14/I14)) | L14: =IF(OR(G14="",C14=""),"",G14/(C14*24*'Network'!$B$7/100/1000)) | M14: =IF(OR(B14="",C14=""),"",C14/B14)
F15: =IF(B15="","",B15*1E12/('Network'!$B$3*1E18)*'Network'!$B$8*('Network'!$B$4+'Network'!$B$5)*(1-'Network'!$B$6/100)*'Network'!$B$7/100) | G15: =IF(F15="","",F15*'Network'!$B$2) | H15: =IF(C15="","",C15*24*'Network'!$B$7/100/1000*D15) | I15: =IF(G15="","",G15-H15) | J15: =IF(I15="","",I15*365/12) | K15: =IF(OR(I15="",E15=""),"",IF(I15<=0,"—",E15/I15)) | L15: =IF(OR(G15="",C15=""),"",G15/(C15*24*'Network'!$B$7/100/1000)) | M15: =IF(OR(B15="",C15=""),"",C15/B15)
F16: =IF(B16="","",B16*1E12/('Network'!$B$3*1E18)*'Network'!$B$8*('Network'!$B$4+'Network'!$B$5)*(1-'Network'!$B$6/100)*'Network'!$B$7/100) | G16: =IF(F16="","",F16*'Network'!$B$2) | H16: =IF(C16="","",C16*24*'Network'!$B$7/100/1000*D16) | I16: =IF(G16="","",G16-H16) | J16: =IF(I16="","",I16*365/12) | K16: =IF(OR(I16="",E16=""),"",IF(I16<=0,"—",E16/I16)) | L16: =IF(OR(G16="",C16=""),"",G16/(C16*24*'Network'!$B$7/100/1000)) | M16: =IF(OR(B16="",C16=""),"",C16/B16)

Sheet Network
A1: Network input (update these) | B1: Value
A2: BTC price (USD) | B2: 100000
A3: Network hashrate (EH/s) | B3: 1000
A4: Block subsidy (BTC) | B4: 3.125
A5: Average fees per block (BTC) | B5: 0.02
A6: Pool fee (%) | B6: 2
A7: Uptime (%) | B7: 97
A8: Blocks per day | B8: 144

Sheet How to use
A1: How to use
A2: “Network” sheet: update the BTC price, network hashrate (or derive it from difficulty: difficulty × 2^32 / 600 / 10^18 = EH/s), subsidy, fees, pool fee and uptime.
A3: “Machines” sheet: one row per model or site. Yellow cells are inputs; everything else is a formula.
A4: The example machines are generic; enter your hardware’s rated hashrate and power.
A5: Online calculator: https://kot.cash/tools/bitcoin-mining-profitability-calculator
A6: Not included: depreciation, hosting, repairs, taxes and future difficulty growth. Free, no sign-up.
